 Dungeon Crawl Stone Soup version 0.29.1-15-g9cfb28693d (webtiles) character file.

Game seed: 8827546650722427643

457 javelincjr the Magician (level 6, -4/44 HPs)
             Began as a Demonspawn Hedge Wizard on Mar 27, 2023.
             Slain by a scorpion (5 damage)
             ... on level 4 of the Dungeon.
             The game lasted 00:22:21 (6369 turns).

javelincjr the Magician (Demonspawn Hedge Wizard)   Turns: 6369, Time: 00:22:22

Health: -4/44      AC:  4    Str: 12    XL:     6   Next: 77%
Magic:  8/11       EV: 12    Int: 15    God:
Gold:   178        SH:  0    Dex: 12    Spells: 7/12 levels left

rFire   x . .      SeeInvis .   C - +3 hand axe of the End {vamp, Contam rC+++ Int-5 Stlth+}
rCold   + + +      Faith    .   (no shield)
rNeg    . . .      Spirit   .   x - +0 leather armour {rC+}
rPois   .          Reflect  .   c - +0 hat
rElec   .          Harm     .   (no cloak)
rCorr   .          Rampage  .   t - +0 pair of gloves
Will    .....                   (no boots)
Stlth   +++.......              i - amulet of the acrobat
HPRegen 0.14/turn               l - ring of ice
MPRegen 0.12/turn               (no ring)

@: lethally poisoned (-4 -> -11), attractive
A: demonic guardian 1, big brain 2
a: no special abilities


You were on level 4 of the Dungeon.
You visited 1 branch of the dungeon, and saw 4 of its levels.

You collected 178 gold pieces.

Inventory:

Hand Weapons
 a - a +0 dagger
 e - a +2 short sword of speed
 f - a +1 dagger of draining
 C - the +3 hand axe of the End (weapon) {vamp, Contam rC+++ Int-5 Stlth+}
   (You found it on level 4 of the Dungeon)

   It occasionally heals its wielder for a portion of the damage dealt when it
   wounds a living foe.
   Int:       It affects your intelligence (-5).
   rC:        It renders you almost immune to cold.
   Contam:    It causes magical contamination when unequipped.
   Stlth:     It makes you more stealthy.
Missiles
 u - 2 atropa-tipped darts
 v - 6 poisoned darts
Armour
 b - a +0 robe
 c - a +0 hat (worn)
 s - a +0 kite shield
 t - a +0 pair of gloves (worn)
 x - a +0 leather armour of cold resistance (worn)
Jewellery
 i - an amulet of the acrobat (around neck)
 l - a ring of ice (left hand)
 y - an amulet of magic regeneration
 B - a ring of protection from fire
Wands
 A - a wand of charming (8)
Scrolls
 g - 5 scrolls of identify {unknown}
 h - a scroll of torment {unknown}
 j - a scroll of blinking {unknown}
 m - a scroll of enchant armour {unknown}
 n - a scroll of summoning {unknown}
 o - 2 scrolls of teleportation {unknown}
 p - 2 scrolls of immolation {unknown}
 z - a scroll of vulnerability {unknown}
 D - a scroll of magic mapping {unknown}
Potions
 d - 4 potions of magic
 k - 2 potions of degeneration
 q - a potion of might
 w - a potion of haste {unknown}


   Skills:
 + Level 1.6 Fighting
 + Level 1.7 Armour
 + Level 3.0 Dodging
 - Level 2.2 Stealth
 + Level 1.5 Shields
 + Level 3.7 Spellcasting
 + Level 2.7 Conjurations
 + Level 2.6 Summonings
 + Level 2.3 Translocations


You had 7 spell levels left.
You knew the following spells:

 Your Spells              Type           Power      Damage    Failure   Level
a - Magic Dart            Conj           44%        1d5       8%          1
b - Call Imp              Summ           10%        N/A       12%         2
c - Blink                 Tloc           18%        N/A       14%         2

Your spell library contained the following spells:

 Spells                   Type           Power      Damage    Failure   Level
 Slow                     Hex            8%         N/A       24%         1
 Conjure Flame            Conj/Fire      6%         6-21      38%         3
 Mephitic Cloud           Conj/Pois/Air  5%         N/A       43%         3


Dungeon Overview and Level Annotations

Branches:
Dungeon (4/15)
 Temple: D:4-7

Altars:
Nemelex Xobeh


Innate Abilities, Weirdness & Mutations

A weak demonic guardian rushes to your aid.
You have an extremely huge brain. (Int +4)


Message History

The scorpion closely misses you.
You closely miss the scorpion.
The scorpion is severely wounded.
The scorpion closely misses you. The scorpion stings you.
You hit the scorpion but do no damage.
The scorpion is severely wounded.
The scorpion stings you.
You are poisoned.
The scorpion poisons you!
You hit the scorpion but do no damage.
The scorpion is severely wounded.
You feel very sick. The scorpion barely misses you. The scorpion stings you.
You are more poisoned.
The scorpion poisons you!
You are too injured to fight recklessly!
You are too injured to fight recklessly!
Casting: Call Imp (safe; 12% risk of failure)
Confirm with . or Enter, or press ? or * to list all spells.
Aiming: Magic Dart (safe; 8% risk of failure)
Press: ? - help, Shift-Dir - straight line, f - scorpion
Aim: a scorpion (severely wounded, 100% to hit)
The magic dart hits the scorpion but does no damage.
The scorpion is severely wounded.
You feel very sick. The scorpion stings you.
* * * LOW HITPOINT WARNING * * *
Casting: Magic Dart (safe; 8% risk of failure)
Confirm with . or Enter, or press ? or * to list all spells.
A beastly little devil appears in a puff of flame.
* * * LOW HITPOINT WARNING * * *
You feel sick. The scorpion stings you.
* * * LOW HITPOINT WARNING * * *
A demonic guardian appears!
It was a potion of attraction.
You feel attractive to monsters.
* * * LOW HITPOINT WARNING * * *
You feel very sick. The scorpion stings you.
You die...

#####.####### #.# #.#
#.....†...... #.# ##.#####
#.........### #.# #......#
#....)....# #.# #..###.#
####......# #.# #..###.##
##'#'### ####.# #..#..... #.#.#
55#.# #..#.#.#. #.#.# #s#.#
#..#.#.#. #.#.# #@#.# #..#.#.#.
..#.# #.#.# #..#.#.#. ###.# #.#.#
#..#.#.#.
########.#######.#.######..#.#.#.
.................#.)........<#.#.
########.#######.###########)#.#.
#.# #.# #........#.#. #.#
#.####.#....#.#.#. #.#
#......#.#.)#.#.#.


You could see a scorpion (ally target), a friendly crimson imp (summoned) and a
friendly shadow imp (summoned).

Vanquished Creatures
  Eustachio (D:4)
  A hound (D:4)
  Ijyb (D:3)
  Natasha (twice) (D:4)
  A gnoll (D:3)
  6 adders
  2 worms
  4 dart slugs
  An orc (D:3)
  6 endoplasms
  7 goblins
  6 hobgoblins
  5 jackals
  A quokka (D:3)
  8 ball pythons
  9 bats
  3 frilled lizards (D:2)
  14 kobolds
  3 rats
81 creatures vanquished.

Vanquished Creatures (collateral kills)
  Natasha (D:4)
  3 gnolls
  A kobold (D:4)
5 creatures vanquished.

Grand Total: 86 creatures vanquished

Notes
Turn   | Place    | Note
-------+----------+-------------------------------------------
     0 | D:1      | javelincjr the Demonspawn Hedge Wizard began the quest for
                  | the Orb.
     0 | D:1      | Reached XP level 1. HP: 13/13 MP: 4/4
    80 | D:1      | Reached skill level 1 in Translocations
   212 | D:1      | Gained mutation: A weak demonic guardian rushes to your
                  | aid. [demonic ancestry]
   212 | D:1      | Reached XP level 2. HP: 16/19 MP: 0/6
   742 | D:1      | Found a faded altar of an unknown god.
  1299 | D:1      | Reached XP level 3. HP: 9/24 MP: 4/7
  2656 | D:2      | Learned a level 2 spell: Call Imp
  2718 | D:3      | Noticed Ijyb
  2753 | D:3      | HP: 1/24 [Ijyb/+0 club (5)]
  2758 | D:3      | HP: 1/24 [Ijyb/+0 club (1)]
  2760 | D:3      | Killed Ijyb
  2761 | D:3      | Gained mutation: You have an unusually large brain. (Int
                  | +2) [demonic ancestry]
  2761 | D:3      | Reached XP level 4. HP: 23/30 MP: 8/8
  3545 | D:3      | Found a sparkling altar of Nemelex Xobeh.
  3682 | D:3      | Reached XP level 5. HP: 36/36 MP: 4/10
  4424 | D:3      | Reached skill level 1 in Armour
  4740 | D:4      | Reached skill level 1 in Fighting
  4996 | D:4      | Reached skill level 1 in Shields
  5093 | D:4      | Noticed Eustachio
  5345 | D:4      | Killed Eustachio
  5346 | D:4      | Gained mutation: You have an extremely huge brain. (Int +4)
                  | [demonic ancestry]
  5346 | D:4      | Reached XP level 6. HP: 38/43 MP: 8/11
  5361 | D:4      | Learned a level 2 spell: Blink
  5477 | D:4      | Noticed Natasha
  5503 | D:4      | Killed Natasha
  5643 | D:4      | Identified the +3 hand axe of the End {vamp, Contam rC+++
                  | Int-5 Stlth+}
  5978 | D:4      | Noticed Natasha
  5985 | D:4      | Killed Natasha
  6241 | D:4      | Noticed Natasha
  6250 | D:4      | Killed Natasha
  6369 | D:4      | HP: 1/44 [poisoned by a scorpion]
  6369 | D:4      | Slain by a scorpion

Illustrated notes

Levels and vault maps discovered:
D:1:      dpeg_arrival_oval, layout_loops_ring, ebering_ecumenical_altar_box,
          minmay_pentomino_q2
D:2:      minmay_evil_eye, layout_loops_ring, kennysheep_big_empty_room,
          kennysheep_boxes
D:3:      layout_basic, lemuel_round_altar, uniq_ijyb
D:4:      layout_basic, glass_columns_b, uniq_natasha, uniq_eustachio

Skill      XL: |  1  2  3  4  5  6 |
---------------+-------------------+-----
Translocations | 1 2 |  2.3
Stealth        | 2 |  2.2
Dodging        | 2 3 |  3.0
Conjurations   | 2 |  2.7
Summonings     | 2 |  2.6
Armour         | 1 |  1.7
Fighting       | 1 |  1.6
Shields        | 1 |  1.5
Spellcasting   | |  3.7

Action                   |  1- 3 |  4- 6 || total
-------------------------+-------+-------++-------
Melee: Dagger            |    41 |   103 ||   144
       Short sword       |    39 |       ||    39
       Punch             |     1 |       ||     1
       Hand axe          |       |    23 ||    23
Throw: Dart              |       |     3 ||     3
 Cast: Magic Dart        |    62 |    76 ||   138
       Call Imp          |       |    16 ||    16
  Use: Potion            |     3 |     1 ||     4
 Stab: Sleeping          |     1 |     1 ||     2
Armor: Robe              |    14 |    14 ||    28
       Leather armour    |       |     7 ||     7
Dodge: Dodged            |    65 |    85 ||   150
Block: Kite shield       |     6 |    15 ||    21
